 Dungeon Crawl Stone Soup version 0.31-a0-202-g547052bce9 (webtiles) character file.

Game seed: 8863655149234414303

1638 qw the Skirmisher (level 8, -1/46 HPs)
             Began as a Deep Elf Hunter on June 26, 2023.
             Slain by a killer bee (7 damage)
             ... on level 7 of the Dungeon.
             The game lasted 00:01:32 (4196 turns).

qw the Skirmisher (Deep Elf Hunter)                 Turns: 4196, Time: 00:01:33

Health: -1/46      AC:  6    Str: 10    XL:     8   Next: 66%
Magic:  10/10      EV: 12    Int: 15    God:
Gold:   116        SH:  0    Dex: 18    Spells: 7/7 levels left

rFire   . . .        Y - +3 shortbow (elec)
rCold   . . .        (shield currently unavailable)
rNeg    . . .        h - +0 ring mail
rPois   .            (no helmet)
rElec   .            (no cloak)
rCorr   .            (no gloves)
SInv    .            n - +0 pair of boots
Will    .....        (no amulet)
Stlth   +            (no ring)
HPRegen 0.27/turn    (no ring)
MPRegen 0.12/turn

%: no passive effects
@: lethally poisoned (-1 -> -8), about to teleport
A: no striking features
a: no special abilities


You were on level 7 of the Dungeon.
You visited 1 branch of the dungeon, and saw 7 of its levels.

You collected 270 gold pieces.
You spent 154 gold pieces at shops.


   Skills:
 - Level 3.3 Fighting
 + Level 13.1 Ranged Weapons
 - Level 2.3 Armour
 - Level 4.7 Dodging
 - Level 1.2 Stealth


You had 7 spell levels left.
You didn't know any spells.
Your spell library was empty.

Inventory:

Hand Weapons
 Y - a +3 shortbow of electrocution (weapon)
Armour
 h - a +0 ring mail (worn)
 n - a +0 pair of boots (worn)
Scrolls
 c - a scroll of teleportation
 d - 2 scrolls of identify
Potions
 a - a potion of might
 b - a potion of mutation
 e - a potion of heal wounds
 f - a potion of cancellation
 g - a potion of enlightenment
 i - 3 potions of curing
 k - a potion of haste
 l - a potion of attraction {unknown}

Dungeon Overview and Level Annotations

Branches:
Dungeon (7/15)             Temple (0/1) D:6

Altars:
Ashenzari
Qazlal
Zin

Shops:
D:2 [   D:5 *   D:6 !


Message History

The killer bee buzzes angrily. x2
You hear a shout! x2
A killer bee comes into view.
The killer bee moves out of view.
You shoot an arrow. The arrow misses the killer bee.
You shoot an arrow. The arrow hits the killer bee!
The killer bee is severely wounded.
You shoot an arrow.
The arrow closely misses the killer bee.
The killer bee buzzes angrily.
You hear a shout! x2
The killer bee barely misses you. The killer bee stings you.
You are poisoned.
The killer bee poisons you! The killer bee stings you.
You are more poisoned.
The killer bee poisons you! The killer bee closely misses you.
You shoot an arrow.
The arrow completely misses the killer bee.
You feel very sick.
The killer bee barely misses you. x2; The killer bee stings you.
You are more poisoned.
The killer bee poisons you! The killer bee closely misses you.
The killer bee stings you but does no damage.
The killer bee misses you.
You shoot an arrow. The arrow hits the killer bee!
You kill the killer bee!
You feel very sick. The killer bee barely misses you.
The killer bee stings you.
Your Ranged Weapons skill increases to level 13!
You shoot an arrow. The arrow hits the killer bee.
The killer bee is moderately wounded.
You feel very sick.
The killer bee stings you. x2; The killer bee misses you.
The killer bee stings you but does no damage.
4196 ||| READING 2 scrolls of teleportation.
As you read the scroll of teleportation, it crumbles to dust.
You feel strangely unstable.
You feel sick. The killer bee stings you. The killer bee misses you.
The killer bee stings you!
You die...

.< ..... .. ... .##...#
.# ...........##.##
...... ..%.#... ## .
..........##.....##..# .
....$....#...........
.###... #......yy......
......# #.....y@.......
......## ##...........#.
.......####.............
................#....>..
.............######.....
......#......## ##...
..............# ##.
......####...## #..#.##
#...#


You could see 3 killer bees.

Vanquished Creatures
  Sigmund (D:5)
  An orc warrior (D:6)
  An ice beast (D:6)
  3 black bears
  A centaur (D:6)
  A phantom (D:6)
  3 scorpions
  3 killer bees (D:7)
  An orc priest (D:6)
  A jelly (D:6)
  6 hounds
  3 iguanas
  Jessica (D:3)
  3 orc wizards
  A sleepcap (D:5)
  6 adders
  A shadow imp (D:6)
  A white imp (D:6)
  3 dart slugs
  6 orcs
  4 ball pythons
  4 endoplasms
  2 giant cockroaches (D:3)
  7 goblins
  4 hobgoblins
  5 jackals
  2 quokkas
  2 bats
  3 frilled lizards
  4 kobolds
  8 rats
92 creatures vanquished.

Notes
Turn   | Place    | Note
-------+----------+-------------------------------------------
     0 | D:1      | qw the Deep Elf Hunter began the quest for the Orb.
     0 | D:1      | Reached XP level 1. HP: 12/12 MP: 3/3
     0 | D:1      | 0 ||| qw: Version: 0.3-a-22-g0ed2b0b
     0 | D:1      | 0 ||| qw: Game counter: 5932
     0 | D:1      | 0 ||| qw: Melee chars always use a shield: true
     0 | D:1      | 0 ||| qw: God list: Okawaru
     0 | D:1      | 0 ||| qw: Allow faded altars: false
     0 | D:1      | 0 ||| qw: Do Orc after clearing Dungeon:15 true
     0 | D:1      | 0 ||| qw: Do second Lair branch before Depths: true
     0 | D:1      | 0 ||| qw: Lair rune preference: random
     0 | D:1      | 0 ||| qw: Goals: Normal
     0 | D:1      | 0 ||| PLANNING D:1-11
    36 | D:1      | Reached skill level 6 in Ranged Weapons
    36 | D:1      | Reached XP level 2. HP: 16/16 MP: 4/4
   597 | D:1      | 597 ||| UPGRADING to +0 ring mail.
   607 | D:1      | 607 ||| DROPPING +0 leather armour.
   608 | D:1      | 608 ||| DROPPING +6 ring of intelligence.
   609 | D:1      | 609 ||| READING scroll labelled XULOUMOTHRY.
   612 | D:1      | 612 ||| DRINKING 2 white potions.
   613 | D:1      | 613 ||| DRINKING 2 blue potions.
   614 | D:1      | 614 ||| DROPPING scroll of butterflies.
   797 | D:2      | Found a faded altar of an unknown god.
   811 | D:2      | Found Moneroin's Antique Armour Emporium.
   819 | D:2      | 819 ||| SHOPLISTING cloak (72 gold, have 52).
   819 | D:2      | 819 ||| SHOPLISTING runed robe (59 gold, have 52).
   829 | D:2      | Reached XP level 3. HP: 20/20 MP: 5/5
  1218 | D:2      | 1218 ||| DROPPING +0 leather armour of cold resistance.
  1219 | D:2      | 1219 ||| READING scroll labelled UFIAPL UPIE.
  1220 | D:2      | 1220 ||| READING scroll labelled EGIKOSM TUENN.
  1321 | D:2      | 1321 ||| READING scroll labelled REOPTU PUAMPANO.
  1322 | D:2      | 1322 ||| DRINKING 2 sedimented brown potions.
  1323 | D:2      | 1323 ||| DRINKING 3 glowing coppery potions.
  1427 | D:2      | 1427 ||| DROPPING 2 potions of berserk rage.
  1513 | D:3      | Noticed Jessica
  1521 | D:3      | Reached skill level 7 in Ranged Weapons
  1522 | D:3      | Killed Jessica
  1523 | D:3      | Reached XP level 4. HP: 24/25 MP: 6/6
  1534 | D:3      | Found a glowing silver altar of Zin.
  1618 | D:3      | Reached skill level 8 in Ranged Weapons
  2054 | D:3      | 2054 ||| UPGRADING to +0 pair of boots.
  2059 | D:3      | 2059 ||| READING scroll labelled FONEONIQAF.
  2060 | D:3      | 2060 ||| READING 3 scrolls labelled BEMOME SOAXZE.
  2061 | D:3      | 2061 ||| READING scroll labelled RIVONUS XEAL.
  2062 | D:3      | 2062 ||| READING scroll labelled KUOKHU QUAM.
  2063 | D:3      | 2063 ||| READING scroll labelled AKLANG JOAWEIJ.
  2064 | D:3      | 2064 ||| DRINKING 3 lumpy amethyst potions.
  2065 | D:3      | 2065 ||| READING 2 scrolls of identify.
  2065 | D:3      | 2065 ||| IDENTIFYING sedimented ruby potion
  2066 | D:3      | 2066 ||| DROPPING potion of lignification.
  2067 | D:3      | 2067 ||| DROPPING 2 potions of brilliance.
  2227 | D:4      | Noticed a scorpion
  2235 | D:4      | Killed a scorpion
  2236 | D:4      | Reached XP level 5. HP: 22/29 MP: 7/7
  2339 | D:4      | Reached skill level 9 in Ranged Weapons
  2448 | D:4      | Noticed a black bear
  2451 | D:4      | Killed a black bear
  2452 | D:4      | Reached XP level 6. HP: 36/36 MP: 8/8
  2702 | D:4      | 2702 ||| READING scroll labelled XOSKIPP APUS.
  2703 | D:4      | 2703 ||| READING scroll labelled JUIKLESMEY.
  2704 | D:4      | 2704 ||| READING 2 scrolls of identify.
  2704 | D:4      | 2704 ||| IDENTIFYING lumpy pink potion
  2747 | D:5      | Entered Level 5 of the Dungeon
  2880 | D:5      | Reached skill level 10 in Ranged Weapons
  2895 | D:5      | Reached skill level 3 in Dodging
  2944 | D:5      | Noticed Sigmund
  2946 | D:5      | 2946 ||| FLEEEEING.
  2949 | D:5      | 2949 ||| STAIRDANCE
  2973 | D:5      | Killed Sigmund
  2974 | D:5      | Reached XP level 7. HP: 15/40 MP: 9/9
  3070 | D:5      | Found Luifafou's Gadget Gallery.
  3422 | D:6      | 3422 ||| READING scroll of enchant weapon.
  3422 | D:6      | 3422 ||| ENCHANTING +1 shortbow of electrocution.
  3499 | D:6      | Found a stormy altar of Qazlal.
  3504 | D:6      | Reached skill level 11 in Ranged Weapons
  3508 | D:6      | 3508 ||| FLEEEEING.
  3514 | D:6      | 3514 ||| FLEEEEING.
  3515 | D:6      | 3515 ||| FLEEEEING.
  3519 | D:6      | 3519 ||| FLEEEEING.
  3520 | D:6      | 3520 ||| FLEEEEING.
  3573 | D:6      | 3573 ||| READING scroll of enchant weapon.
  3573 | D:6      | 3573 ||| ENCHANTING +2 shortbow of electrocution.
  3576 | D:6      | Found Allant's Distillery.
  3584 | D:6      | 3584 ||| BUYING potion of curing (42 gold).
  3584 | D:6      | Bought a potion of curing for 42 gold pieces
  3584 | D:6      | 3584 ||| BUYING potion of curing (42 gold).
  3584 | D:6      | Bought a potion of curing for 42 gold pieces
  3584 | D:6      | 3584 ||| BUYING potion of enlightenment (70 gold).
  3584 | D:6      | Bought a potion of enlightenment for 70 gold pieces
  3593 | D:6      | Reached XP level 8. HP: 45/45 MP: 10/10
  3623 | D:6      | Reached skill level 12 in Ranged Weapons
  3646 | D:6      | Reached skill level 3 in Fighting
  3682 | D:6      | Found a broken altar of Ashenzari.
  3754 | D:6      | Found a staircase to the Ecumenical Temple.
  3755 | D:6      | 3755 ||| PLANNING TEMPLE
  3995 | D:6      | 3995 ||| READING scroll labelled VUATOH GYN EQON.
  3996 | D:6      | 3996 ||| READING 3 scrolls of identify.
  3996 | D:6      | 3996 ||| IDENTIFYING fuming silvery potion
  3997 | D:6      | 3997 ||| READING 2 scrolls of identify.
  3997 | D:6      | 3997 ||| IDENTIFYING viscous puce potion
  3999 | D:6      | 3999 ||| Stepping ~*~*~tactically~*~*~ (cloud).
  4195 | D:7      | Reached skill level 13 in Ranged Weapons
  4195 | D:7      | HP: 11/46 [killer bee (6)]
  4196 | D:7      | 4196 ||| READING 2 scrolls of teleportation.
  4196 | D:7      | Slain by a killer bee

Levels and vault maps discovered:
D:1:      dpeg_arrival_shrine, layout_basic, st_stairs_1,
          chequers_serial_rivers_small_a, bh_walls_and_bars
D:2:      layout_basic, serial_shops, shop, ebering_ecumenical_altar_petrified
D:3:      layout_basic, mainiacjoe_overflow_paths, uniq_jessica
D:4:      layout_gridville, corexii_item_surrounded_by_moat
D:5:      layout_basic, nicolae_shop_gadgets, uniq_sigmund
D:6:      layout_basic, kennysheep_mini, minmay_temple_entry_from_below_a,
          serial_shops, nicolae_shop_just_a_little_nook, minmay_ruined_shrine
D:7:      layout_layer_cave, nicolae_wu_jian_immortal_techniques, okawaru_humans

Skill      XL: |  1  2  3  4  5  6  7  8 |
---------------+-------------------------+-----
Ranged Weapons | 6 7 8 9 10 11 13 | 13.1
Fighting       | 2 3 |  3.3
Dodging        | 3 4 |  4.7
Armour         | 2 |  2.3
Stealth        | |  1.2

Action                     |  1- 3 |  4- 6 |  7- 9 || total
---------------------------+-------+-------+-------++-------
   Fire: Shortbow          |    65 |   105 |    93 ||   263
    Use: Potion            |     4 |     1 |       ||     5
         Scroll            |     4 |     9 |     6 ||    19
 Armour: Leather armour    |     4 |       |       ||     4
         Ring mail         |     3 |    13 |    14 ||    30
  Dodge: Dodged            |    14 |    20 |    20 ||    54

Table legend:
 A = Non-vault XP
 B = Vault XP
 C = Vault XP percentage of total XP
 D = Non-vault monster count
 E = Vault monster count
 F = Vault count percentage of total count
                 A         B        C        D         E       F
            +---------+---------+-------+---------+---------+-------
      Total |    1593 |     748 |  32.0 |      80 |      12 |  13.0
            +---------+---------+-------+---------+---------+-------
        D:1 |      26 |       4 |  13.3 |      17 |       2 |  10.5
        D:2 |      22 |       0 |   0.0 |      11 |       0 |   0.0
        D:3 |      67 |      37 |  35.6 |      17 |       1 |   5.6
        D:4 |     280 |       0 |   0.0 |      11 |       0 |   0.0
        D:5 |     339 |     226 |  40.0 |      11 |       1 |   8.3
        D:6 |     554 |     481 |  46.5 |       9 |       8 |  47.1
        D:7 |     305 |       0 |   0.0 |       4 |       0 |   0.0
            +---------+---------+-------+---------+---------+-------
